 Dungeon Crawl Stone Soup version 0.27.1-2-g3b301248ec (webtiles) character file.

Game seed: 8136015709002858195

8038 Borgoz the Fighter (level 11, 0/108 HPs)
             Began as a Gargoyle Berserker on Sept 24, 2021.
             Was a Priest of Trog.
             Slain by an orc priest (2 damage)
             ... on level 9 of the Dungeon.
             The game lasted 00:10:14 (10234 turns).

Borgoz the Fighter (Gargoyle Berserker)            Turns: 10234, Time: 00:10:15

Health: 0/108      AC: 23    Str: 21    XL:     11   Next: 24%
Magic:  11/11      EV: 13    Int:  8    God:    Trog [***...]
Gold:   427        SH:  0    Dex: 12    Spells: 10/10 levels left

rFire    . . .     SeeInvis .   w - +0 dire flail (holy)
rCold    . . .     Faith    .   (shield currently unavailable)
rNeg     + . .     Spirit   .   y - +3 ring mail
rPois    ∞         Reflect  .   c - +0 hat
rElec    +         Harm     .   (no cloak)
rCorr    .         Rampage  .   (no gloves)
Will     ++...                  f - +0 pair of boots
Stlth    ..........             (no amulet)
HPRegen  1.28/turn              g - +4 ring of protection
MPRegen  0.12/turn              (no ring)

@: berserking (expiring), strong-willed, regenerating, very quick
A: sickness immunity, AC +8, negative energy resistance 1, electricity
resistance, torment resistance 1, petrification resistance
a: Renounce Religion, Berserk, Trog's Hand


You were on level 9 of the Dungeon.
You worshipped Trog.
Trog was most pleased with you.
You visited 1 branch of the dungeon, and saw 9 of its levels.

You collected 522 gold pieces.
You spent 95 gold pieces at shops.

Inventory:

Hand Weapons
 d - a +0 flail
 w - a +0 dire flail of holy wrath (weapon)
Armour
 c - a +0 hat (worn)
 e - +0 acid dragon scales
 f - a +0 pair of boots (worn)
 y - a +3 ring mail (worn)
Jewellery
 g - a +4 ring of protection (left hand)
 o - the ring "Caedd" {*Corrode rC+ MP+9 Dex+3}
   (You bought it in a shop on level 2 of the Dungeon)

   [ring of magical power]

   Dex:       It affects your dexterity (+3).
   rC:        It protects you from cold.
   MP:        It affects your magic capacity (+9).
   *Corrode:  It may corrode you when you take damage.
Wands
 a - a wand of flame (25)
 v - a wand of digging (10)
Scrolls
 b - a scroll of enchant armour {unknown}
 h - 2 scrolls of teleportation
 j - a scroll of summoning {unknown}
 m - a scroll of amnesia {unknown}
 p - a scroll of enchant weapon {unknown}
 q - 2 scrolls of vulnerability {unknown}
 r - a scroll of fear {unknown}
 t - a scroll of magic mapping
 u - a scroll of torment {unknown}
 x - a scroll of holy word {unknown}
 z - a scroll of noise {unknown}
Potions
 i - 3 potions of attraction {unknown}
 k - 4 potions of curing
 l - a potion of mutation {unknown}
 n - a potion of haste
 s - 3 potions of flight {unknown}


   Skills:
 + Level 10.0 Fighting
 + Level 9.1 Maces & Flails
 + Level 9.7 Armour
 + Level 7.3 Dodging


You had 10 spell levels left.
You didn't know any spells.
Your spell library was empty.

Dungeon Overview and Level Annotations

Branches:
Dungeon (9/15)             Temple (0/1) D:7
   Lair: D:8-11         Orc: D:9-12

Altars:
Elyvilon
Hepliaklqana
Makhleb
Ru
Wu Jian
Yredelemnul

Shops:
D:2 *   D:5 :   D:7 (

Annotations:
D:9 3 runed translucent doors, YannSP's ghost, journeyman DrCj


Innate Abilities, Weirdness & Mutations

You are immune to sickness and miasma.
Your stone body is resilient. (AC +8)
You are immune to poison.
You resist negative energy. (rN+)
You are resistant to electric shocks. (rElec)
You are resistant to unholy torment.
You are immune to petrification.


Message History

You closely miss the orc wizard.
The orc wizard hits you but does no damage.
The orc warrior barely misses you.
You miss the orc wizard. Something hits you.
* * * LOW HITPOINT WARNING * * *
You puncture the orc wizard!
The orc wizard is severely wounded.
The orc wizard barely misses you.
The orc warrior hits you with a +0 battleaxe.
* * * LOW HITPOINT WARNING * * *
You barely miss the orc warrior.
The orc warrior is almost dead.
Something hits you but does no damage.
You impale the orc wizard!!
You feel the power of Trog in you as your rage grows.
You kill the orc wizard!
Trog accepts your kill.
Trog appreciates your killing of a magic user.
The orc warrior hits you with a +0 battleaxe.
* * * LOW HITPOINT WARNING * * *
Something hits you but does no damage.
Your Fighting skill increases to level 10!
You hit the orc warrior.
You kill the orc warrior!
Trog accepts your kill.
The orc priest invokes the aid of Beogh against you.
Beogh smites you!
* * * LOW HITPOINT WARNING * * *
The orc misses you. Something hits you but does no damage.
Items here: $ ( )) [ †.
You closely miss the orc priest. The orc priest barely misses you.
The orc hits you with a +0 hand axe.
* * * LOW HITPOINT WARNING * * *
You barely miss the orc priest.
You hear some strange, mumbled words.
A magic dart appears from out of thin air!
The magic dart hits you.
* * * LOW HITPOINT WARNING * * *
The orc priest hits you with a +0 dagger of speed.
You die...

........................>....#
#.####.......................#
#.# #..####################.#
#.# #..# #.# .### #..# #.#
#..# #..# #.# .#####..########
### #.###..........###
^..P##########..@# ...^#
#.o{o# P_.P# ###.#oK# ..P^#
#####K.#


.PPP# .# ##### .# . You could see an orc priest, 2 orcs and 2 kobolds.

Vanquished Creatures
  Gastronok (D:8)
  A two-headed ogre (D:9)
  Erica (D:8)
  Pikel (D:8)
  Joseph (D:7)
  Maggie (D:7)
  Grinder (D:6)
  A vampire (D:9)
  A steam dragon (D:8)
  Duvessa (D:7)
  A water moccasin (D:8)
  3 orc warriors
  3 ice beasts
  2 necrophages
  An ogre (D:6)
  2 phantoms
  2 centaurs
  2 kobold brigands (D:9)
  A gnoll sergeant (D:8)
  4 scorpions
  3 bullfrogs
  Dowan (D:7)
  A water moccasin skeleton (D:6)
  11 wights
  2 howler monkeys (D:7)
  3 centaur zombies
  2 hounds
  2 centaur skeletons (D:7)
  4 jellies
  4 orc priests
  2 gnoll shamans (D:7)
  A bullfrog skeleton (D:7)
  3 iguanas
  2 orc wizards
  A killer bee zombie (D:7)
  A hound skeleton (D:5)
  16 gnolls
  2 adders
  A shadow imp (D:6)
  2 white imps (D:6)
  An ufetubus (D:5)
  The ghost of MisterFreud the Covert, a weakling GnDe (D:5)
  19 orcs
  2 bats
  4 endoplasms
  6 giant cockroaches
  4 goblins
  4 hobgoblins
  20 kobolds
  4 quokkas
  4 ball pythons
  5 frilled lizards
  A rat (D:2)
170 creatures vanquished.

Vanquished Creatures (others)
  5 plants (D:7)
5 creatures vanquished.

Grand Total: 175 creatures vanquished

Notes
Turn   | Place    | Note
-------+----------+-------------------------------------------
     0 | D:1      | Borgoz the Gargoyle Berserker began the quest for the Orb.
     0 | D:1      | Reached XP level 1. HP: 14/14 MP: 1/1
   393 | D:1      | Reached XP level 2. HP: 11/19 MP: 2/2
   933 | D:1      | Found a faded altar of an unknown god.
  1384 | D:2      | Found Biclun's Assorted Antiques.
  1505 | D:2      | Reached XP level 3. HP: 24/24 MP: 3/3
  1538 | D:2      | Found a hazy altar of Hepliaklqana.
  1734 | D:2      | Reached XP level 4. HP: 29/29 MP: 4/4
  2277 | D:3      | Reached skill level 4 in Fighting
  2468 | D:3      | Reached ** piety under Trog
  3072 | D:3      | Found a white marble altar of Elyvilon.
  3098 | D:3      | Found a burning altar of Makhleb.
  3315 | D:2      | Bought a heavily runed platinum ring for 95 gold pieces
  3315 | D:2      | Identified the ring "Caedd" {*Corrode rC+ MP+9 Dex+3} (You
                  | bought it in a shop on level 2 of the Dungeon)
  3428 | D:4      | Reached XP level 5. HP: 33/33 MP: 5/5
  3961 | D:4      | Reached XP level 6. HP: 34/39 MP: 6/6
  4118 | D:5      | Entered Level 5 of the Dungeon
  4119 | D:5      | Found Gisifoka's Self-Improvement Boutique.
  4288 | D:5      | Found a large runed translucent door.
  4288 | D:5      | Found a large runed translucent door.
  4288 | D:5      | Noticed MisterFreud's ghost (weakling GnDe)
  4464 | D:5      | Reached skill level 5 in Fighting
  4574 | D:5      | Reached XP level 7. HP: 28/44 MP: 7/7
  5046 | D:5      | Killed MisterFreud's ghost
  5166 | D:6      | Noticed Grinder
  5200 | D:6      | Reached skill level 5 in Maces & Flails
  5203 | D:6      | Killed Grinder
  5204 | D:6      | Reached skill level 5 in Armour
  5204 | D:6      | Reached XP level 8. HP: 45/51 MP: 8/8
  5301 | D:6      | Reached skill level 6 in Fighting
  6793 | D:7      | Reached XP level 9. HP: 36/56 MP: 9/9
  7011 | D:7      | Reached skill level 7 in Fighting
  7186 | D:7      | Reached skill level 5 in Dodging
  7295 | D:7      | Noticed Joseph
  7298 | D:7      | Reached *** piety under Trog
  7308 | D:7      | Killed Joseph
  7562 | D:7      | Found Attuliarr's Antique Weapon Shop.
  7632 | D:7      | Noticed Dowan
  7633 | D:7      | Noticed Duvessa
  7659 | D:7      | Killed Duvessa
  7697 | D:7      | Killed Dowan
  7899 | D:7      | Found a basalt altar of Yredelemnul.
  7899 | D:7      | Found a hazy altar of Hepliaklqana.
  7900 | D:7      | Found an ornate altar of the Wu Jian Council.
  8121 | D:7      | Found a staircase to the Ecumenical Temple.
  8229 | D:7      | Noticed Maggie
  8244 | D:7      | Killed Maggie
  8245 | D:7      | Reached skill level 8 in Fighting
  8435 | D:8      | Noticed Gastronok
  8462 | D:8      | Killed Gastronok
  8463 | D:8      | Reached skill level 9 in Fighting
  8463 | D:8      | Reached XP level 10. HP: 27/66 MP: 10/10
  9120 | D:8      | Noticed Pikel
  9136 | D:8      | Killed Pikel
  9193 | D:8      | Noticed Erica
  9211 | D:8      | Killed Erica
  9212 | D:8      | Reached XP level 11. HP: 24/72 MP: 11/11
  9621 | D:9      | Noticed YannSP's ghost (journeyman DrCj)
  9752 | D:9      | Found a runed translucent gate.
  9752 | D:9      | Found a runed translucent gate.
  9752 | D:9      | Found a runed translucent gate.
  9798 | D:9      | Noticed a two-headed ogre
  9810 | D:9      | Killed a two-headed ogre
 10169 | D:9      | Found a sacrificial altar of Ru.
 10231 | D:9      | Reached skill level 10 in Fighting
 10232 | D:9      | HP: 5/108 [orc priest/divine providence (12)]
 10233 | D:9      | HP: 2/108 [orc (4)]
 10234 | D:9      | Slain by an orc priest

Illustrated notes

Levels and vault maps discovered:
D:1:      minmay_arrival_loop, layout_basic, hellmonk_ecumenical_altar_run_dry,
          minmay_tetromino_i2
D:2:      layout_basic, basic_altar, serial_glass, glass_columns_c,
          glass_columns_a, glass_columns_b, glass_columns_a, glass_columns_b,
          glass_columns_b, due_unseen_surprise, serial_shops,
          nicolae_lakefront_shop
D:3:      layout_loops_ring, mainiacjoe_overflow_two_lobes, st_stairs_13
D:4:      layout_basic, serial_glass, glass_columns_c, glass_columns_b,
          glass_columns_c, glass_columns_b, glass_columns_a, glass_columns_b,
          amethyst_killhole
D:5:      layout_loops_ring, ebering_ghost_disaster_area, nicolae_shop_self_help
D:6:      layout_loops_ring, st_stairs_1, grunt_ministairs_14, uniq_grinder
D:7:      layout_gridville, chequers_temple_overflow_statue_of_worship,
          minmay_temple_entry_nine_rooms, serial_shops,
          nicolae_shop_overgrown_old_shop, grunt_ministairs_7,
          kennysheep_small_square, uniq_duvessa, uniq_joseph, uniq_maggie
D:8:      layout_loops_ring, uniq_pikel, uniq_gastronok, uniq_erica
D:9:      minmay_goldmine, layout_long_grid, nicolae_ru_the_path_less_chosen,
          gammafunk_ghost_icy

Skill      XL: |  1  2  3  4  5  6  7  8  9 10 11 |
---------------+----------------------------------+-----
Dodging        | 2 3 4 6 7 |  7.3
Armour         | 3 4 5 6 8 9 |  9.7
Fighting       | 4 5 6 9 10 | 10.0
Maces & Flails | 4 5 6 8 9 |  9.1

Action                   |  1- 3 |  4- 6 |  7- 9 | 10-12 || total
-------------------------+-------+-------+-------+-------++-------
Melee: Mace              |    12 |       |       |       ||    12
       Flail             |    77 |   164 |   221 |       ||   462
       Dire flail        |       |       |   147 |   199 ||   346
Invok: Berserk           |     2 |     2 |     6 |     4 ||    14
       Trog's Hand       |       |       |     5 |     4 ||     9
  Use: Scroll            |       |     4 |     2 |     1 ||     7
       Potion            |       |       |     3 |       ||     3
Armor: Animal skin       |     9 |       |       |       ||     9
       Pearl dragon scal |    31 |   124 |   157 |       ||   312
       Leather armour    |       |       |   105 |    15 ||   120
       Ring mail         |       |       |       |   102 ||   102
Dodge: Dodged            |    60 |    62 |   295 |   133 ||   550
